Punishers vs Patriotes

Created - 20 février 2015 at 00:08

Goals
1 2 3 T
Punishers 2 2 1 5
Patriotes 1 0 2 3
Shots
1 2 3 T
Punishers 20 11 10 41
Patriotes 10 7 15 32

1st period

1. Punishers , Brad Isbister 32 (Erik Condra) at 3:51
2. Punishers , Mike Grier 29 (Tanner Glass, Petteri Nokelainen) at 7:55 (PP)
3. Patriotes , Zenon Konopka 30 (Andreas Nodl, Tomas Kurka) at 16:45

Penalties :
Andreas Nodl (Nyc) for Roughing (Minor) at 6:45, A.J Thelen (Nyc) for Cross-checking (Minor) at 18:33

2nd period

4. Punishers , Richard Zednik 26 (Brad Isbister, Éric Perrin) at 1:59 (PP)
5. Punishers , Brad Isbister 33 (Éric Perrin, Richard Zednik) at 4:45 (PP)

Penalties :
Andrew Gordon (Nyc) for Tripping (Minor) at 1:24, Ryan Wilson (Nyc) for Holding (Minor) at 3:56, Brandon McMillan (Pro) for Slashing (Minor) at 8:20, A.J Thelen (Nyc) for Hooking (Minor) at 13:50, Mike Weber (Pro) for Holding (Minor) at 16:58, Ryan Wilson (Nyc) for Hooking (Minor) at 19:51

3rd period

6. Patriotes , Andrew Gordon 16 (Fedor Fedorov) at 0:33 (SH)
7. Punishers , Éric Perrin 37 (Nate Prosser, Richard Zednik) at 8:23 (PP)
8. Patriotes , Zenon Konopka 31 (Andreas Nodl) at 15:14 (PP)

Penalties :
Radek Smolenak (Pro) for Hooking (Minor) at 3:20, Brett Skinner (Nyc) for Hooking (Minor) at 8:08, Kris Chucko (Pro) for Hooking (Minor) at 15:09

Goalie Stats

Kevin Poulin (Pro), 29 saves from 32 shots - (0,906), W, 19-7-6, 60:00 minutes
Joey MacDonald (Nyc), 36 saves from 41 shots - (0,878), L, 27-19-3, 60:00 minutes

Players Stats for Punishers

Player Name              G  A  P  +/- PIM S  H  SB GA TA FO     MP     PP MP  PK MP  
------------------------------------------------------------------------------------
Adam McQuaid             0  0  0   1  0   0  0  0  0  2  0/0     8:55   0:00   0:00 
Adam Pineault            0  0  0   0  0   2  0  0  1  0  0/0     7:32   0:03   0:00 
Brad Isbister            2  1  3   1  0   5  3  0  1  1  1/1    15:56   5:17   0:19 
Brandon McMillan         0  0  0   0  2   0  0  0  0  1  2/2     7:14   0:00   0:00 
Casey Cizikas            0  0  0   1  0   0  1  0  0  0  2/7    10:51   0:09   0:08 
Éric Perrin              1  2  3  -1  0   7  2  1  2  0  19/34  23:13   5:17   1:43 
Erik Condra              0  1  1   1  0   1  1  1  1  0  0/0    10:40   0:06   0:00 
Justin Falk              0  0  0  -2  0   0  2  0  0  0  0/0    17:54   1:54   2:57 
Keaton Ellerby           0  0  0   0  0   2  4  2  0  1  0/0    28:32   6:52   3:05 
Kris Chucko              0  0  0  -1  2   2  0  0  1  0  1/2    15:27   0:00   0:00 
Mark Fraser              0  0  0  -1  0   0  0  0  1  0  0/0    16:57   0:00   3:05 
Mike Grier               1  0  1  -1  0   4  1  1  0  0  0/0    18:33   3:23   4:00 
Mike Weber               0  0  0   0  2   0  1  0  0  0  0/0    11:33   1:54   0:00 
Nate Prosser             0  1  1   0  0   4  0  0  0  2  0/0    27:35   6:52   2:57 
Petteri Nokelainen       0  1  1  -1  0   3  0  1  0  1  8/20   18:28   3:23   3:55 
Radek Smolenak           0  0  0   0  2   3  1  0  0  0  0/0     8:04   0:00   0:16 
Richard Zednik           1  2  3  -1  0   4  6  2  0  1  0/3    20:45   5:17   0:00 
Simon Despres            0  0  0   0  0   0  0  0  0  0  0/0     4:39   0:00   0:00 
Tanner Glass             0  1  1  -1  0   4  0  1  1  0  1/1    16:27   3:23   1:43 
Zach Jones               0  0  0   0  0   0  0  0  0  0  0/0     4:39   0:00   0:00 

Players Stats for Patriotes

Player Name              G  A  P  +/- PIM S  H  SB GA TA FO     MP     PP MP  PK MP  
------------------------------------------------------------------------------------
A.J Thelen               0  0  0   1  4   0  3  1  2  1  0/0    27:04   4:02   3:22 
Andreas Nodl             0  2  2   1  2   4  3  2  1  0  0/2    23:32   2:47   4:29 
Andrew Gordon            1  0  1   0  2   4  2  0  1  0  0/3    16:55   3:15   2:11 
Brett Skinner            0  0  0   1  2   5  0  4  1  1  0/0    28:34   4:02   5:41 
Christian Hanson         0  0  0   0  0   2  1  0  1  0  6/10   10:18   0:00   0:10 
Cory Emmerton            0  0  0  -1  0   1  1  0  1  0  10/17  14:45   3:15   0:00 
Dwight King              0  0  0   0  0   2  1  2  1  0  0/1    11:59   0:00   1:41 
Fedor Fedorov            0  1  1   0  0   1  2  0  0  1  0/0    17:15   3:15   2:30 
Jared Staal              0  0  0   0  0   0  0  0  0  0  0/0     0:00   0:00   0:00 
Joakim Andersson         0  0  0   0  0   0  0  0  0  0  0/0     0:00   0:00   0:00 
Joe Charlebois           0  0  0   0  0   1  3  3  1  1  0/0    21:03   2:00   2:50 
Jordan Samuels-Thomas    0  0  0   0  0   0  0  0  0  0  0/0     1:23   0:00   1:13 
Lauri Tukonen            0  0  0   0  0   0  0  0  0  1  0/0    10:08   0:00   0:00 
Liam Reddox              0  0  0   0  0   1  0  3  0  1  0/0     7:07   0:00   0:00 
Mathieu Brodeur          0  0  0   0  0   0  0  1  0  1  0/0    12:43   0:00   3:02 
Nigel Williams           0  0  0   0  0   0  0  2  0  0  0/0    11:14   0:00   0:18 
Ryan White               0  0  0   0  0   2  1  0  0  0  2/2     7:07   0:00   0:00 
Ryan Wilson              0  0  0   0  4   1  0  1  0  1  0/0    20:23   2:00   2:19 
Tomas Kurka              0  1  1   1  0   3  0  0  0  0  4/9    24:22   2:47   5:18 
Zack Stortini            0  0  0   0  0   0  1  0  0  0  0/0     7:07   0:00   0:00 
Zenon Konopka            2  0  2   1  0   5  1  0  0  0  14/26  18:08   2:47   0:00 

3 Stars

1 - Brad Isbister (Pro)
2 - Richard Zednik (Pro)
3 - Zenon Konopka (Nyc)

Power Play

Punishers - 4 on 7 Attempt(s) - 57,14%
Patriotes - 1 on 4 Attempt(s) - 25,00%

Penalty Kill

Punishers - 3 on 4 Attempt(s) - 75,00% - Score 0 goal in Penalty Kill
Patriotes - 3 on 7 Attempt(s) - 42,86% - Score 1 goal in Penalty Kill

Team Stat

Punishers - Hits : 22 - Faceoff Wins : 34 - Blocked Shots : 9 - Penalty Minutes : 8
Patriotes - Hits : 19 - Faceoff Wins : 36 - Blocked Shots : 19 - Penalty Minutes : 14

Official

Referees : Joannette Marc and Jackson Dave
Linesman : Pierre Racicot and Scott Driscoll

Game Notes

No Game Note

Finance

Level 1 -- Attendance: 1622 (81,10%) -- Ticket Income 56 770 $
Level 2 -- Attendance: 778 (77,80%) -- Ticket Income 11 670 $
Total Attendance: 2400 (80,00%)
Total Ticket Income: 68 440 $
Other Income: 3 422 $
Total Income: 71 862 $

Punishers

5 vs 5 Forward 
   Center                   Left Wing                Right Wing               Time % Phy DF OF 
 1 Éric Perrin              Kris Chucko              Richard Zednik           40     1   2  2  
 2 Petteri Nokelainen       Tanner Glass             Mike Grier               30     1   2  2  
 3 Casey Cizikas            Brad Isbister            Erik Condra              20     1   2  2  
 4 Brandon McMillan         Radek Smolenak           Adam Pineault            10     1   2  2  

5 vs 5 Defense 
   Defense                  Defense                                           Time % Phy DF OF 
 1 Keaton Ellerby           Nate Prosser                                      40     1   2  2  
 2 Justin Falk              Mark Fraser                                       30     1   2  2  
 3 Adam McQuaid             Mike Weber                                        20     1   2  2  
 4 Simon Despres            Zach Jones                                        10     1   2  2  

PowerPlay Forward 
   Center                   Left Wing                Right Wing               Time % Phy DF OF 
 1 Éric Perrin              Brad Isbister            Richard Zednik           60     1   2  2  
 2 Petteri Nokelainen       Tanner Glass             Mike Grier               40     1   2  2  

PowerPlay Defense
   Defense                  Defense                                           Time % Phy DF OF 
 1 Keaton Ellerby           Nate Prosser                                      60     1   2  2  
 2 Justin Falk              Mike Weber                                        40     1   2  2  

Penalty Kill 4 Players Forward 
   Center                   Wing                     Time % Phy DF OF 
 1 Petteri Nokelainen       Mike Grier               60     1   2  2  
 2 Éric Perrin              Tanner Glass             40     1   2  2  

Penalty Kill 4 Players Defense
   Defense                  Defense                  Time % Phy DF OF 
 1 Keaton Ellerby           Mark Fraser              60     1   2  2  
 2 Justin Falk              Nate Prosser             40     1   2  2  

Penalty Kill - 3 Players Forward 
   Forward                                           Time % Phy DF OF 
 1 Tanner Glass                                      60     1   2  2  
 2 Mike Grier                                        40     1   2  2  

Penalty Kill - 3 Players Defense
   Defense                  Defense                  Time % Phy DF OF 
 1 Keaton Ellerby           Mark Fraser              60     1   2  2  
 2 Justin Falk              Nate Prosser             40     1   2  2  

4 vs 4 Forward 
   Center                   Wing                     Time % Phy DF OF 
 1 Éric Perrin              Kris Chucko              60     1   2  2  
 2 Casey Cizikas            Richard Zednik           40     1   2  2  

4 vs 4 Defense
   Defense                  Defense                  Time % Phy DF OF 
 1 Keaton Ellerby           Nate Prosser             60     1   2  2  
 2 Justin Falk              Mark Fraser              40     1   2  2  

Last Minutes Offensive
   Center                   Left Wing                Right Wing               Defense                  Defense                  
   Éric Perrin              Kris Chucko              Richard Zednik           Keaton Ellerby           Nate Prosser             

Last Minutes Defensive
   Center                   Left Wing                Right Wing               Defense                  Defense                  
   Petteri Nokelainen       Tanner Glass             Mike Grier               Keaton Ellerby           Mark Fraser              

Goaltenders
Starting : Kevin Poulin             
Backup : Anton Khudobin           

Extra Forwards
Normal : Casey Cizikas, Erik Condra, Brandon McMillan - PP : Casey Cizikas, Erik Condra - PK : Radek Smolenak
Extra Defensemen
Normal : Justin Falk, Keaton Ellerby, Nate Prosser - PP : Simon Despres - PK : Nate Prosser, Mark Fraser
Penalty Shots
Brad Isbister, Richard Zednik, Tanner Glass, Kris Chucko, Mike Grier

Patriotes

5 vs 5 Forward 
   Center                   Left Wing                Right Wing               Time % Phy DF OF 
 1 Zenon Konopka            Tomas Kurka              Andreas Nodl             40     1   2  2  
 2 Cory Emmerton            Fedor Fedorov            Andrew Gordon            30     1   2  2  
 3 Christian Hanson         Dwight King              Lauri Tukonen            20     1   2  2  
 4 Ryan White               Liam Reddox              Zack Stortini            10     1   2  2  

5 vs 5 Defense 
   Defense                  Defense                                           Time % Phy DF OF 
 1 A.J Thelen               Brett Skinner                                     40     1   2  2  
 2 Ryan Wilson              Joe Charlebois                                    30     1   2  2  
 3 Nigel Williams           Mathieu Brodeur                                   20     1   2  2  
 4 A.J Thelen               Brett Skinner                                     10     1   2  2  

PowerPlay Forward 
   Center                   Left Wing                Right Wing               Time % Phy DF OF 
 1 Zenon Konopka            Tomas Kurka              Andreas Nodl             60     1   2  2  
 2 Cory Emmerton            Fedor Fedorov            Andrew Gordon            40     1   2  2  

PowerPlay Defense
   Defense                  Defense                                           Time % Phy DF OF 
 1 A.J Thelen               Brett Skinner                                     60     1   2  2  
 2 Ryan Wilson              Joe Charlebois                                    40     1   2  2  

Penalty Kill 4 Players Forward 
   Center                   Wing                     Time % Phy DF OF 
 1 Tomas Kurka              Andreas Nodl             60     1   2  2  
 2 Andrew Gordon            Fedor Fedorov            40     1   2  2  

Penalty Kill 4 Players Defense
   Defense                  Defense                  Time % Phy DF OF 
 1 A.J Thelen               Brett Skinner            60     1   2  2  
 2 Ryan Wilson              Joe Charlebois           40     1   2  2  

Penalty Kill - 3 Players Forward 
   Forward                                           Time % Phy DF OF 
 1 Tomas Kurka                                       60     1   2  2  
 2 Andreas Nodl                                      40     1   2  2  

Penalty Kill - 3 Players Defense
   Defense                  Defense                  Time % Phy DF OF 
 1 A.J Thelen               Brett Skinner            60     1   2  2  
 2 Ryan Wilson              Joe Charlebois           40     1   2  2  

4 vs 4 Forward 
   Center                   Wing                     Time % Phy DF OF 
 1 Tomas Kurka              Andreas Nodl             60     1   2  2  
 2 Andrew Gordon            Fedor Fedorov            40     1   2  2  

4 vs 4 Defense
   Defense                  Defense                  Time % Phy DF OF 
 1 A.J Thelen               Brett Skinner            60     1   2  2  
 2 Ryan Wilson              Joe Charlebois           40     1   2  2  

Last Minutes Offensive
   Center                   Left Wing                Right Wing               Defense                  Defense                  
   Zenon Konopka            Tomas Kurka              Andreas Nodl             A.J Thelen               Brett Skinner            

Last Minutes Defensive
   Center                   Left Wing                Right Wing               Defense                  Defense                  
   Zenon Konopka            Tomas Kurka              Andreas Nodl             A.J Thelen               Brett Skinner            

Goaltenders
Starting : Joey MacDonald           
Backup : Jason Missiaen           

Extra Forwards
Normal : Christian Hanson, Lauri Tukonen, Dwight King - PP : Christian Hanson, Lauri Tukonen - PK : Dwight King
Extra Defensemen
Normal : Nigel Williams, Mathieu Brodeur, Ryan Wilson - PP : Nigel Williams - PK : Mathieu Brodeur, Ryan Wilson
Penalty Shots
Tomas Kurka, Andreas Nodl, Andrew Gordon, Fedor Fedorov, Zenon Konopka

% Time on Ice - Punishers

Lines # - Real PCT - Wanted PCT - Time Play
Normal Forward
1 - 36% - 40% - 16:16
2 - 25% - 30% - 11:21
3 - 23% - 20% - 10:20
4 - 16% - 10% - 7:15
Normal Defense
1 - 41% - 40% - 18:35
2 - 29% - 30% - 13:03
3 - 20% - 20% - 8:55
4 - 10% - 10% - 4:39
PP Forward
1 - 61% - 60% - 5:23
2 - 39% - 40% - 3:23
PP Defense
1 - 78% - 60% - 6:52
2 - 22% - 40% - 1:54
PK Forward
1 - 72% - 60% - 4:19
2 - 28% - 40% - 1:43
PK Defense
1 - 51% - 60% - 3:05
2 - 49% - 40% - 2:57
PK3 Forward
1 - 0% - 60%
2 - 0% - 40%
PK3 Defense
1 - 0% - 60%
2 - 0% - 40%
44 Forward
1 - 0% - 60%
2 - 0% - 40%
44 Defense
1 - 0% - 60%
2 - 0% - 40%
Last Minute Offensive  - 0:00
Last Minute Defensive  - 0:00
Total
Forward - 60:00
Defense - 60:00

% Time on Ice - Patriotes

Lines # - Real PCT - Wanted PCT - Time Play
Normal Forward
1 - 36% - 40% - 16:27
2 - 25% - 30% - 11:30
3 - 22% - 20% - 10:08
4 - 16% - 10% - 7:07
Normal Defense
1 - 41% - 40% - 18:43
2 - 34% - 30% - 15:24
3 - 22% - 20% - 10:07
4 - 2% - 10% - 0:58
PP Forward
1 - 46% - 60% - 2:47
2 - 54% - 40% - 3:15
PP Defense
1 - 67% - 60% - 4:02
2 - 33% - 40% - 2:00
PK Forward
1 - 71% - 60% - 6:16
2 - 29% - 40% - 2:30
PK Defense
1 - 71% - 60% - 6:14
2 - 29% - 40% - 2:32
PK3 Forward
1 - 0% - 60%
2 - 0% - 40%
PK3 Defense
1 - 0% - 60%
2 - 0% - 40%
44 Forward
1 - 0% - 60%
2 - 0% - 40%
44 Defense
1 - 0% - 60%
2 - 0% - 40%
Last Minute Offensive  - 0:00
Last Minute Defensive  - 0:00
Total
Forward - 60:00
Defense - 60:00

Play by Play

1st period


0:01 of 1st period - Éric Perrin wins face-off versus Zenon Konopka in neutral zone.
0:18 of 1st period - Zenon Konopka is hit by Éric Perrin and loses puck.
1:07 of 1st period - Justin Falk is hit by Christian Hanson and loses puck.
2:07 of 1st period - Snap shot by Cory Emmerton.
2:07 of 1st period - Shot Blocked by Erik Condra.
2:09 of 1st period - Slapshot by Andrew Gordon.
2:09 of 1st period - Stopped by Kevin Poulin without a rebound.
2:10 of 1st period - Éric Perrin wins face-off versus Andrew Gordon in Punishers zone.
2:21 of 1st period - Wrist shot by Éric Perrin.
2:21 of 1st period - Shot Blocked by Nigel Williams.
2:23 of 1st period - Snap shot by Richard Zednik.
2:23 of 1st period - Shot Misses the Net.
2:25 of 1st period - Snap shot by Richard Zednik.
2:25 of 1st period - Deflect By Éric Perrin.
2:25 of 1st period - Stopped by Joey MacDonald with a rebound.
2:48 of 1st period - Andreas Nodl is hit by Keaton Ellerby and loses puck.
3:03 of 1st period - A.J Thelen is hit by Keaton Ellerby and loses puck.
3:49 of 1st period - Wrist shot by Brad Isbister.
3:49 of 1st period - Stopped by Joey MacDonald with a rebound.
3:51 of 1st period - Snap shot by Brad Isbister.
3:51 of 1st period - Goal by Brad Isbister - Punishers : 1 - Patriotes : 0.
3:52 of 1st period - Zenon Konopka wins face-off versus Éric Perrin in neutral zone.
3:55 of 1st period - Nate Prosser is hit by Zenon Konopka and loses puck.
4:08 of 1st period - Snap shot by Kris Chucko.
4:08 of 1st period - Deflect By Zenon Konopka.
4:08 of 1st period - Stopped by Joey MacDonald with a rebound.
5:07 of 1st period - Snap shot by Adam Pineault.
5:07 of 1st period - Stopped by Joey MacDonald without a rebound.
5:08 of 1st period - Brandon McMillan wins face-off versus Zenon Konopka in Patriotes zone.
6:04 of 1st period - Icing by Erik Condra.
6:05 of 1st period - Zenon Konopka wins face-off versus Casey Cizikas in Punishers zone.
6:39 of 1st period - Wrist shot by Kris Chucko.
6:39 of 1st period - Deflect By Richard Zednik.
6:39 of 1st period - Shot Misses the Net.
6:39 of 1st period - Puck is out of play.
6:40 of 1st period - Petteri Nokelainen wins face-off versus Tomas Kurka in Patriotes zone.
6:43 of 1st period - Wrist shot by Tanner Glass.
6:43 of 1st period - Stopped by Joey MacDonald with a rebound.
6:45 of 1st period - Minor Penalty to Andreas Nodl for Roughing.
6:46 of 1st period - Brad Isbister wins face-off versus Dwight King in Patriotes zone.
7:41 of 1st period - Slapshot by Mike Grier.
7:41 of 1st period - Stopped by Joey MacDonald with a rebound.
7:55 of 1st period - Snap shot by Mike Grier.
7:55 of 1st period - Goal by Mike Grier - Punishers : 2 - Patriotes : 0.
7:56 of 1st period - Kris Chucko wins face-off versus Cory Emmerton in neutral zone.
8:23 of 1st period - Tomas Kurka is hit by Justin Falk and loses puck.
9:12 of 1st period - Snap shot by Mike Grier.
9:12 of 1st period - Stopped by Joey MacDonald with a rebound.
9:30 of 1st period - Snap shot by Éric Perrin.
9:30 of 1st period - Shot Misses the Net.
9:32 of 1st period - Snap shot by Kris Chucko.
9:32 of 1st period - Shot Blocked by Dwight King.
9:34 of 1st period - Slapshot by Keaton Ellerby.
9:34 of 1st period - Stopped by Joey MacDonald with a rebound.
9:36 of 1st period - Wrist shot by Richard Zednik.
9:36 of 1st period - Stopped by Joey MacDonald without a rebound.
9:37 of 1st period - Éric Perrin wins face-off versus Zenon Konopka in Patriotes zone.
10:04 of 1st period - Snap shot by Kris Chucko.
10:04 of 1st period - Shot Misses the Net.
10:14 of 1st period - Snap shot by Éric Perrin.
10:14 of 1st period - Shot Blocked by Andreas Nodl.
10:41 of 1st period - Snap shot by Kris Chucko.
10:41 of 1st period - Shot Misses the Net.
10:43 of 1st period - Slapshot by Simon Despres.
10:43 of 1st period - Shot Blocked by Nigel Williams.
10:45 of 1st period - Slapshot by Nate Prosser.
10:45 of 1st period - Shot Blocked by Mathieu Brodeur.
10:47 of 1st period - Wrist shot by Éric Perrin.
10:47 of 1st period - Stopped by Joey MacDonald with a rebound.
10:49 of 1st period - Backhand shot by Nate Prosser.
10:49 of 1st period - Stopped by Joey MacDonald without a rebound.
10:50 of 1st period - Cory Emmerton wins face-off versus Petteri Nokelainen in Patriotes zone.
10:59 of 1st period - Slapshot by Fedor Fedorov.
10:59 of 1st period - Shot Misses the Net.
11:01 of 1st period - Snap shot by Fedor Fedorov.
11:01 of 1st period - Stopped by Kevin Poulin with a rebound.
11:03 of 1st period - Slapshot by A.J Thelen.
11:03 of 1st period - Shot Blocked by Tanner Glass.
11:42 of 1st period - Backhand shot by Christian Hanson.
11:42 of 1st period - Shot Blocked by Keaton Ellerby.
11:54 of 1st period - Snap shot by Fedor Fedorov.
11:54 of 1st period - Shot Misses the Net.
12:00 of 1st period - Wrist shot by Andrew Gordon.
12:00 of 1st period - Shot Blocked by Petteri Nokelainen.
12:48 of 1st period - Slapshot by Christian Hanson.
12:48 of 1st period - Stopped by Kevin Poulin with a rebound.
13:18 of 1st period - Tomas Kurka is hit by Erik Condra and loses puck.
13:31 of 1st period - Snap shot by Dwight King.
13:31 of 1st period - Stopped by Kevin Poulin with a rebound.
13:37 of 1st period - Wrist shot by Christian Hanson.
13:37 of 1st period - Stopped by Kevin Poulin with a rebound.
15:11 of 1st period - Snap shot by Petteri Nokelainen.
15:11 of 1st period - Stopped by Joey MacDonald without a rebound.
15:12 of 1st period - Petteri Nokelainen wins face-off versus Christian Hanson in Patriotes zone.
15:19 of 1st period - Wrist shot by Tanner Glass.
15:19 of 1st period - Stopped by Joey MacDonald without a rebound.
15:20 of 1st period - Zenon Konopka wins face-off versus Éric Perrin in Patriotes zone.
15:27 of 1st period - Snap shot by Andreas Nodl.
15:27 of 1st period - Shot Blocked by Éric Perrin.
15:29 of 1st period - Wrist shot by Tomas Kurka.
15:29 of 1st period - Shot Hit the Post.
15:31 of 1st period - Snap shot by Andreas Nodl.
15:31 of 1st period - Stopped by Kevin Poulin without a rebound.
15:32 of 1st period - Zenon Konopka wins face-off versus Petteri Nokelainen in Punishers zone.
15:45 of 1st period - Snap shot by Tanner Glass.
15:45 of 1st period - Shot Misses the Net.
15:47 of 1st period - Snap shot by Keaton Ellerby.
15:47 of 1st period - Stopped by Joey MacDonald with a rebound.
15:57 of 1st period - Keaton Ellerby is hit by Fedor Fedorov and loses puck.
16:15 of 1st period - Icing by Ryan Wilson.
16:16 of 1st period - Christian Hanson wins face-off versus Casey Cizikas in Patriotes zone.
16:41 of 1st period - Wrist shot by Andreas Nodl.
16:41 of 1st period - Stopped by Kevin Poulin with a rebound.
16:43 of 1st period - Slapshot by Andreas Nodl.
16:43 of 1st period - Shot Misses the Net.
16:45 of 1st period - Snap shot by Zenon Konopka.
16:45 of 1st period - Goal by Zenon Konopka - Punishers : 2 - Patriotes : 1.
16:46 of 1st period - Zenon Konopka wins face-off versus Petteri Nokelainen in neutral zone.
16:55 of 1st period - Snap shot by Tomas Kurka.
16:55 of 1st period - Stopped by Kevin Poulin without a rebound.
16:56 of 1st period - Zenon Konopka wins face-off versus Petteri Nokelainen in Punishers zone.
17:11 of 1st period - Slapshot by Tanner Glass.
17:11 of 1st period - Shot Blocked by Brett Skinner.
17:13 of 1st period - Slapshot by Nate Prosser.
17:13 of 1st period - Deflect By Brett Skinner.
17:13 of 1st period - Stopped by Joey MacDonald without a rebound.
17:14 of 1st period - Cory Emmerton wins face-off versus Éric Perrin in Patriotes zone.
17:14 of 1st period - Cory Emmerton is hit by Richard Zednik.
17:28 of 1st period - Ryan Wilson is hit by Éric Perrin and loses puck.
17:50 of 1st period - Snap shot by Mike Grier.
17:50 of 1st period - Deflect By Tanner Glass.
17:50 of 1st period - Stopped by Joey MacDonald with a rebound.
18:05 of 1st period - Snap shot by Ryan White.
18:05 of 1st period - Stopped by Kevin Poulin without a rebound.
18:06 of 1st period - Ryan White wins face-off versus Éric Perrin in Punishers zone.
18:14 of 1st period - Icing by Brett Skinner.
18:15 of 1st period - Ryan White wins face-off versus Éric Perrin in Patriotes zone.
18:22 of 1st period - Slapshot by Brett Skinner.
18:22 of 1st period - Shot Blocked by Richard Zednik.
18:28 of 1st period - Wrist shot by Richard Zednik.
18:28 of 1st period - Stopped by Joey MacDonald with a rebound.
18:30 of 1st period - Snap shot by Richard Zednik.
18:30 of 1st period - Stopped by Joey MacDonald without a rebound.
18:31 of 1st period - Cory Emmerton wins face-off versus Petteri Nokelainen in Patriotes zone.
18:33 of 1st period - Minor Penalty to A.J Thelen for Cross-checking.
18:34 of 1st period - Tomas Kurka wins face-off versus Éric Perrin in Patriotes zone.
18:38 of 1st period - Keaton Ellerby is hit by Andreas Nodl and loses puck.
19:05 of 1st period - Brett Skinner is hit by Mike Grier and loses puck.
19:20 of 1st period - Andrew Gordon is hit by Mike Weber.
Goals for this period are 2 for Punishers vs 1 for Patriotes.
Shots for this period are 20 for Punishers vs 10 for Patriotes.

2nd period


0:01 of 2nd period - Éric Perrin wins face-off versus Andreas Nodl in neutral zone.
0:12 of 2nd period - Wrist shot by Éric Perrin.
0:12 of 2nd period - Deflect By Andreas Nodl.
0:12 of 2nd period - Shot Misses the Net.
0:12 of 2nd period - Puck is out of play.
0:13 of 2nd period - Tomas Kurka wins face-off versus Éric Perrin in Patriotes zone.
0:22 of 2nd period - Richard Zednik is hit by Andreas Nodl.
0:33 of 2nd period - Penalty to A.J Thelen is over, A.J Thelen is back on ice.
0:38 of 2nd period - Brett Skinner is hit by Radek Smolenak.
0:52 of 2nd period - Tomas Kurka is hit by Keaton Ellerby and loses puck.
1:16 of 2nd period - Wrist shot by Andrew Gordon.
1:16 of 2nd period - Shot Misses the Net.
1:24 of 2nd period - Minor Penalty to Andrew Gordon for Tripping.
1:25 of 2nd period - Tomas Kurka wins face-off versus Éric Perrin in Patriotes zone.
1:30 of 2nd period - Nate Prosser is hit by A.J Thelen and loses puck.
1:57 of 2nd period - Wrist shot by Brad Isbister.
1:57 of 2nd period - Shot Misses the Net.
1:59 of 2nd period - Slapshot by Richard Zednik.
1:59 of 2nd period - Goal by Richard Zednik - Punishers : 3 - Patriotes : 1.
2:00 of 2nd period - Tanner Glass wins face-off versus Zenon Konopka in neutral zone.
2:03 of 2nd period - Slapshot by Nate Prosser.
2:03 of 2nd period - Shot Misses the Net.
2:50 of 2nd period - Ryan Wilson is hit by Keaton Ellerby and loses puck.
3:09 of 2nd period - Slapshot by Andreas Nodl.
3:09 of 2nd period - Shot Blocked by Keaton Ellerby.
3:11 of 2nd period - Slapshot by Mathieu Brodeur.
3:11 of 2nd period - Deflect By Tomas Kurka.
3:11 of 2nd period - Shot Hit the Post.
3:11 of 2nd period - Puck is out of play.
3:12 of 2nd period - Cory Emmerton wins face-off versus Richard Zednik in Punishers zone.
3:42 of 2nd period - Snap shot by Zenon Konopka.
3:42 of 2nd period - Shot Misses the Net.
3:48 of 2nd period - Snap shot by Petteri Nokelainen.
3:48 of 2nd period - Stopped by Joey MacDonald with a rebound.
3:56 of 2nd period - Minor Penalty to Ryan Wilson for Holding.
3:57 of 2nd period - Tomas Kurka wins face-off versus Éric Perrin in Patriotes zone.
3:57 of 2nd period - Tomas Kurka is hit by Brad Isbister.
4:13 of 2nd period - A.J Thelen is hit by Richard Zednik and loses puck.
4:35 of 2nd period - Icing by Nate Prosser.
4:36 of 2nd period - Éric Perrin wins face-off versus Andrew Gordon in Punishers zone.
4:43 of 2nd period - Snap shot by Éric Perrin.
4:43 of 2nd period - Shot Misses the Net.
4:45 of 2nd period - Snap shot by Brad Isbister.
4:45 of 2nd period - Goal by Brad Isbister - Punishers : 4 - Patriotes : 1.
4:46 of 2nd period - Éric Perrin wins face-off versus Zenon Konopka in neutral zone.
5:19 of 2nd period - Slapshot by Brett Skinner.
5:19 of 2nd period - Stopped by Kevin Poulin without a rebound.
5:20 of 2nd period - Éric Perrin wins face-off versus Cory Emmerton in Punishers zone.
5:52 of 2nd period - Snap shot by Tomas Kurka.
5:52 of 2nd period - Stopped by Kevin Poulin without a rebound.
5:53 of 2nd period - Zenon Konopka wins face-off versus Éric Perrin in Punishers zone.
6:02 of 2nd period - Slapshot by Andreas Nodl.
6:02 of 2nd period - Stopped by Kevin Poulin without a rebound.
6:03 of 2nd period - Éric Perrin wins face-off versus Zenon Konopka in Punishers zone.
6:32 of 2nd period - Snap shot by Zenon Konopka.
6:32 of 2nd period - Stopped by Kevin Poulin without a rebound.
6:33 of 2nd period - Cory Emmerton wins face-off versus Petteri Nokelainen in Punishers zone.
7:21 of 2nd period - Off-side.
7:22 of 2nd period - Zenon Konopka wins face-off versus Éric Perrin in neutral zone.
7:48 of 2nd period - Ryan Wilson is hit by Casey Cizikas and loses puck.
8:20 of 2nd period - Minor Penalty to Brandon McMillan for Slashing.
8:21 of 2nd period - Zenon Konopka wins face-off versus Petteri Nokelainen in Punishers zone.
8:21 of 2nd period - Wrist shot by Tomas Kurka.
8:21 of 2nd period - Stopped by Kevin Poulin with a rebound.
9:56 of 2nd period - Slapshot by Nate Prosser.
9:56 of 2nd period - Deflect By Éric Perrin.
9:56 of 2nd period - Shot Misses the Net.
9:56 of 2nd period - Puck is out of play.
9:57 of 2nd period - Cory Emmerton wins face-off versus Petteri Nokelainen in Patriotes zone.
10:20 of 2nd period - Penalty to Brandon McMillan is over, Brandon McMillan is back on ice.
10:44 of 2nd period - Erik Condra is hit by Dwight King and loses puck.
11:32 of 2nd period - Mark Fraser is hit by Joe Charlebois and loses puck.
11:49 of 2nd period - Wrist shot by Zenon Konopka.
11:49 of 2nd period - Stopped by Kevin Poulin with a rebound.
12:20 of 2nd period - Wrist shot by Radek Smolenak.
12:20 of 2nd period - Shot Misses the Net.
12:28 of 2nd period - Brandon McMillan is hit by A.J Thelen and loses puck.
13:14 of 2nd period - Snap shot by Tomas Kurka.
13:14 of 2nd period - Shot Hit the Post.
13:30 of 2nd period - Nigel Williams is hit by Richard Zednik and loses puck.
13:50 of 2nd period - Minor Penalty to A.J Thelen for Hooking.
13:51 of 2nd period - Éric Perrin wins face-off versus Tomas Kurka in Patriotes zone.
15:03 of 2nd period - Slapshot by Ryan Wilson.
15:03 of 2nd period - Deflect By Tanner Glass.
15:03 of 2nd period - Stopped by Kevin Poulin with a rebound.
15:50 of 2nd period - Penalty to A.J Thelen is over, A.J Thelen is back on ice.
15:54 of 2nd period - Slapshot by Adam Pineault.
15:54 of 2nd period - Shot Blocked by Joe Charlebois.
15:56 of 2nd period - Wrist shot by Adam Pineault.
15:56 of 2nd period - Shot Misses the Net.
16:12 of 2nd period - Wrist shot by Adam Pineault.
16:12 of 2nd period - Stopped by Joey MacDonald with a rebound.
16:14 of 2nd period - Snap shot by Radek Smolenak.
16:14 of 2nd period - Stopped by Joey MacDonald with a rebound.
16:24 of 2nd period - Justin Falk is hit by Fedor Fedorov and loses puck.
16:58 of 2nd period - Minor Penalty to Mike Weber for Holding.
16:59 of 2nd period - Petteri Nokelainen wins face-off versus Cory Emmerton in Punishers zone.
17:18 of 2nd period - Icing by Cory Emmerton.
17:19 of 2nd period - Cory Emmerton wins face-off versus Petteri Nokelainen in Patriotes zone.
17:24 of 2nd period - Slapshot by A.J Thelen.
17:24 of 2nd period - Shot Blocked by Mike Grier.
17:30 of 2nd period - Snap shot by Cory Emmerton.
17:30 of 2nd period - Shot Misses the Net.
17:32 of 2nd period - Snap shot by Andrew Gordon.
17:32 of 2nd period - Deflect By Fedor Fedorov.
17:32 of 2nd period - Shot Misses the Net.
17:32 of 2nd period - Puck is out of play.
17:33 of 2nd period - Petteri Nokelainen wins face-off versus Zenon Konopka in Punishers zone.
17:38 of 2nd period - Backhand shot by Petteri Nokelainen.
17:38 of 2nd period - Stopped by Joey MacDonald with a rebound.
18:03 of 2nd period - Snap shot by Zenon Konopka.
18:03 of 2nd period - Deflect By Tanner Glass.
18:03 of 2nd period - Shot Misses the Net.
18:03 of 2nd period - Puck is out of play.
18:04 of 2nd period - Cory Emmerton wins face-off versus Éric Perrin in Punishers zone.
18:38 of 2nd period - Wrist shot by Éric Perrin.
18:38 of 2nd period - Stopped by Joey MacDonald without a rebound.
18:39 of 2nd period - Éric Perrin wins face-off versus Zenon Konopka in Patriotes zone.
18:58 of 2nd period - Penalty to Mike Weber is over, Mike Weber is back on ice.
19:20 of 2nd period - Snap shot by Tanner Glass.
19:20 of 2nd period - Shot Misses the Net.
19:22 of 2nd period - Snap shot by Justin Falk.
19:22 of 2nd period - Deflect By Éric Perrin.
19:22 of 2nd period - Stopped by Joey MacDonald with a rebound.
19:24 of 2nd period - Slapshot by Justin Falk.
19:24 of 2nd period - Shot Hit the Post.
19:42 of 2nd period - Slapshot by Éric Perrin.
19:42 of 2nd period - Stopped by Joey MacDonald without a rebound.
19:43 of 2nd period - Casey Cizikas wins face-off versus Cory Emmerton in Patriotes zone.
19:51 of 2nd period - Minor Penalty to Ryan Wilson for Hooking.
19:52 of 2nd period - Éric Perrin wins face-off versus Andrew Gordon in Patriotes zone.
19:56 of 2nd period - Slapshot by Brad Isbister.
19:56 of 2nd period - Stopped by Joey MacDonald with a rebound.
19:58 of 2nd period - Snap shot by Brad Isbister.
19:58 of 2nd period - Stopped by Joey MacDonald with a rebound.
Goals for this period are 2 for Punishers vs 0 for Patriotes.
Shots for this period are 11 for Punishers vs 7 for Patriotes.

3rd period


0:01 of 3rd period - Éric Perrin wins face-off versus Tomas Kurka in neutral zone.
0:26 of 3rd period - Nate Prosser is hit by Andrew Gordon and loses puck.
0:33 of 3rd period - Wrist shot by Andrew Gordon.
0:33 of 3rd period - Deflect By Mike Grier.
0:33 of 3rd period - Goal by Andrew Gordon - Punishers : 4 - Patriotes : 2.
0:34 of 3rd period - Éric Perrin wins face-off versus Tomas Kurka in neutral zone.
0:37 of 3rd period - Brett Skinner is hit by Richard Zednik and loses puck.
0:42 of 3rd period - Wrist shot by Éric Perrin.
0:42 of 3rd period - Shot Misses the Net.
0:44 of 3rd period - Slapshot by Keaton Ellerby.
0:44 of 3rd period - Shot Blocked by Brett Skinner.
0:46 of 3rd period - Slapshot by Nate Prosser.
0:46 of 3rd period - Shot Misses the Net.
0:48 of 3rd period - Wrist shot by Éric Perrin.
0:48 of 3rd period - Shot Misses the Net.
0:50 of 3rd period - Snap shot by Richard Zednik.
0:50 of 3rd period - Shot Blocked by Brett Skinner.
1:10 of 3rd period - Wrist shot by Petteri Nokelainen.
1:10 of 3rd period - Shot Blocked by Brett Skinner.
1:51 of 3rd period - Penalty to Ryan Wilson is over, Ryan Wilson is back on ice.
2:04 of 3rd period - Brandon McMillan is hit by Ryan White and loses puck.
2:27 of 3rd period - Wrist shot by Erik Condra.
2:27 of 3rd period - Stopped by Joey MacDonald with a rebound.
3:02 of 3rd period - A.J Thelen is hit by Brad Isbister and loses puck.
3:20 of 3rd period - Minor Penalty to Radek Smolenak for Hooking.
3:21 of 3rd period - Zenon Konopka wins face-off versus Petteri Nokelainen in Punishers zone.
3:52 of 3rd period - Keaton Ellerby is hit by Andrew Gordon and loses puck.
4:18 of 3rd period - Icing by Joe Charlebois.
4:19 of 3rd period - Éric Perrin wins face-off versus Cory Emmerton in Patriotes zone.
4:24 of 3rd period - Snap shot by Tanner Glass.
4:24 of 3rd period - Stopped by Joey MacDonald without a rebound.
4:25 of 3rd period - Cory Emmerton wins face-off versus Éric Perrin in Patriotes zone.
4:28 of 3rd period - Wrist shot by Éric Perrin.
4:28 of 3rd period - Stopped by Joey MacDonald with a rebound.
5:10 of 3rd period - Wrist shot by Cory Emmerton.
5:10 of 3rd period - Stopped by Kevin Poulin with a rebound.
5:12 of 3rd period - Snap shot by Cory Emmerton.
5:12 of 3rd period - Deflect By Andrew Gordon.
5:12 of 3rd period - Stopped by Kevin Poulin without a rebound.
5:13 of 3rd period - Petteri Nokelainen wins face-off versus Andreas Nodl in Punishers zone.
5:20 of 3rd period - Penalty to Radek Smolenak is over, Radek Smolenak is back on ice.
6:15 of 3rd period - Mike Weber is hit by Andreas Nodl and loses puck.
7:10 of 3rd period - Wrist shot by Ryan White.
7:10 of 3rd period - Shot Misses the Net.
7:12 of 3rd period - Snap shot by Zack Stortini.
7:12 of 3rd period - Shot Misses the Net.
7:14 of 3rd period - Snap shot by Ryan White.
7:14 of 3rd period - Stopped by Kevin Poulin with a rebound.
7:16 of 3rd period - Snap shot by Brett Skinner.
7:16 of 3rd period - Stopped by Kevin Poulin without a rebound.
7:17 of 3rd period - Éric Perrin wins face-off versus Zenon Konopka in Punishers zone.
7:17 of 3rd period - Éric Perrin is hit by Joe Charlebois.
7:34 of 3rd period - Icing by Ryan Wilson.
7:35 of 3rd period - Zenon Konopka wins face-off versus Petteri Nokelainen in Patriotes zone.
7:42 of 3rd period - Slapshot by Joe Charlebois.
7:42 of 3rd period - Shot Misses the Net.
8:00 of 3rd period - Ryan Wilson is hit by Richard Zednik.
8:05 of 3rd period - Off-side.
8:06 of 3rd period - Cory Emmerton wins face-off versus Éric Perrin in neutral zone.
8:08 of 3rd period - Minor Penalty to Brett Skinner for Hooking.
8:09 of 3rd period - Éric Perrin wins face-off versus Tomas Kurka in Patriotes zone.
8:09 of 3rd period - Snap shot by Richard Zednik.
8:09 of 3rd period - Shot Blocked by Andreas Nodl.
8:11 of 3rd period - Wrist shot by Richard Zednik.
8:11 of 3rd period - Shot Misses the Net.
8:13 of 3rd period - Slapshot by Nate Prosser.
8:13 of 3rd period - Deflect By Andreas Nodl.
8:13 of 3rd period - Stopped by Joey MacDonald with a rebound.
8:15 of 3rd period - Slapshot by Brad Isbister.
8:15 of 3rd period - Shot Blocked by A.J Thelen.
8:17 of 3rd period - Wrist shot by Richard Zednik.
8:17 of 3rd period - Shot Misses the Net.
8:19 of 3rd period - Snap shot by Nate Prosser.
8:19 of 3rd period - Stopped by Joey MacDonald with a rebound.
8:21 of 3rd period - Wrist shot by Éric Perrin.
8:21 of 3rd period - Shot Misses the Net.
8:23 of 3rd period - Wrist shot by Éric Perrin.
8:23 of 3rd period - Goal by Éric Perrin - Punishers : 5 - Patriotes : 2.
8:24 of 3rd period - Zenon Konopka wins face-off versus Richard Zednik in neutral zone.
8:27 of 3rd period - Slapshot by Brett Skinner.
8:27 of 3rd period - Stopped by Kevin Poulin with a rebound.
8:29 of 3rd period - Backhand shot by A.J Thelen.
8:29 of 3rd period - Shot Blocked by Richard Zednik.
8:59 of 3rd period - Off-side.
9:00 of 3rd period - Petteri Nokelainen wins face-off versus Christian Hanson in neutral zone.
9:34 of 3rd period - Icing by Ryan Wilson.
9:35 of 3rd period - Zenon Konopka wins face-off versus Éric Perrin in Patriotes zone.
9:35 of 3rd period - Zenon Konopka is hit by Richard Zednik.
10:40 of 3rd period - Snap shot by Andreas Nodl.
10:40 of 3rd period - Stopped by Kevin Poulin with a rebound.
10:42 of 3rd period - Snap shot by Tomas Kurka.
10:42 of 3rd period - Shot Misses the Net.
10:44 of 3rd period - Slapshot by Joe Charlebois.
10:44 of 3rd period - Stopped by Kevin Poulin without a rebound.
10:45 of 3rd period - Petteri Nokelainen wins face-off versus Cory Emmerton in Punishers zone.
10:52 of 3rd period - Snap shot by Mike Grier.
10:52 of 3rd period - Stopped by Joey MacDonald with a rebound.
11:10 of 3rd period - Lauri Tukonen is hit by Justin Falk and loses puck.
11:33 of 3rd period - Wrist shot by Liam Reddox.
11:33 of 3rd period - Stopped by Kevin Poulin with a rebound.
11:53 of 3rd period - Zach Jones is hit by Cory Emmerton.
12:09 of 3rd period - Snap shot by Brad Isbister.
12:09 of 3rd period - Shot Blocked by Dwight King.
12:15 of 3rd period - A.J Thelen is hit by Brad Isbister.
12:39 of 3rd period - Icing by Keaton Ellerby.
12:40 of 3rd period - Brandon McMillan wins face-off versus Cory Emmerton in Punishers zone.
12:40 of 3rd period - Brandon McMillan is hit by Joe Charlebois.
12:57 of 3rd period - Slapshot by Nate Prosser.
12:57 of 3rd period - Deflect By Radek Smolenak.
12:57 of 3rd period - Stopped by Joey MacDonald with a rebound.
13:12 of 3rd period - Snap shot by Tomas Kurka.
13:12 of 3rd period - Shot Hit the Post.
13:24 of 3rd period - Snap shot by Adam Pineault.
13:24 of 3rd period - Shot Blocked by Ryan Wilson.
13:26 of 3rd period - Slapshot by Radek Smolenak.
13:26 of 3rd period - Stopped by Joey MacDonald with a rebound.
13:28 of 3rd period - Wrist shot by Mark Fraser.
13:28 of 3rd period - Shot Blocked by Joe Charlebois.
14:28 of 3rd period - Mike Weber is hit by A.J Thelen and loses puck.
14:47 of 3rd period - Adam McQuaid is hit by Zack Stortini and loses puck.
14:58 of 3rd period - Wrist shot by Brad Isbister.
14:58 of 3rd period - Deflect By Casey Cizikas.
14:58 of 3rd period - Shot Blocked by Liam Reddox.
14:58 of 3rd period - Puck is out of play.
14:59 of 3rd period - Éric Perrin wins face-off versus Zenon Konopka in Patriotes zone.
15:09 of 3rd period - Minor Penalty to Kris Chucko for Hooking.
15:10 of 3rd period - Zenon Konopka wins face-off versus Petteri Nokelainen in Punishers zone.
15:14 of 3rd period - Wrist shot by Zenon Konopka.
15:14 of 3rd period - Goal by Zenon Konopka - Punishers : 5 - Patriotes : 3.
15:15 of 3rd period - Christian Hanson wins face-off versus Casey Cizikas in neutral zone.
15:22 of 3rd period - Slapshot by Dwight King.
15:22 of 3rd period - Stopped by Kevin Poulin without a rebound.
15:23 of 3rd period - Christian Hanson wins face-off versus Casey Cizikas in Punishers zone.
15:48 of 3rd period - Slapshot by Brett Skinner.
15:48 of 3rd period - Stopped by Kevin Poulin with a rebound.
15:50 of 3rd period - Slapshot by A.J Thelen.
15:50 of 3rd period - Deflect By Christian Hanson.
15:50 of 3rd period - Shot Misses the Net.
15:50 of 3rd period - Puck is out of play.
15:51 of 3rd period - Éric Perrin wins face-off versus Zenon Konopka in Punishers zone.
16:00 of 3rd period - Snap shot by Andreas Nodl.
16:00 of 3rd period - Deflect By Zenon Konopka.
16:00 of 3rd period - Stopped by Kevin Poulin without a rebound.
16:01 of 3rd period - Éric Perrin wins face-off versus Zenon Konopka in Punishers zone.
16:06 of 3rd period - Snap shot by Kris Chucko.
16:06 of 3rd period - Stopped by Joey MacDonald without a rebound.
16:07 of 3rd period - Christian Hanson wins face-off versus Casey Cizikas in Patriotes zone.
17:30 of 3rd period - Backhand shot by Brad Isbister.
17:30 of 3rd period - Shot Misses the Net.
17:32 of 3rd period - Slapshot by Adam McQuaid.
17:32 of 3rd period - Shot Blocked by Liam Reddox.
17:34 of 3rd period - Slapshot by Keaton Ellerby.
17:34 of 3rd period - Shot Blocked by Joe Charlebois.
17:36 of 3rd period - Snap shot by Brad Isbister.
17:36 of 3rd period - Shot Misses the Net.
17:38 of 3rd period - Wrist shot by Brad Isbister.
17:38 of 3rd period - Deflect By Casey Cizikas.
17:38 of 3rd period - Shot Blocked by Liam Reddox.
17:38 of 3rd period - Puck is out of play.
17:39 of 3rd period - Christian Hanson wins face-off versus Richard Zednik in Patriotes zone.
17:44 of 3rd period - Slapshot by Brett Skinner.
17:44 of 3rd period - Stopped by Kevin Poulin with a rebound.
17:51 of 3rd period - Icing by Keaton Ellerby.
17:52 of 3rd period - Christian Hanson wins face-off versus Kris Chucko in Punishers zone.
18:01 of 3rd period - Snap shot by Christian Hanson.
18:01 of 3rd period - Shot Misses the Net.
19:00 of 3rd period - Off-side.
19:01 of 3rd period - Petteri Nokelainen wins face-off versus Christian Hanson in neutral zone.
19:34 of 3rd period - Wrist shot by Andrew Gordon.
19:34 of 3rd period - Stopped by Kevin Poulin with a rebound.
19:41 of 3rd period - Icing by Erik Condra.
19:42 of 3rd period - Casey Cizikas wins face-off versus Christian Hanson in Punishers zone.
Goals for this period are 1 for Punishers vs 2 for Patriotes.
Shots for this period are 10 for Punishers vs 15 for Patriotes.


Output by the SimonT Hockey Simulator (STHS) for François Prévost -- Original Page W3C XHTML 1.0 Valid
Hockey Simulator - Hockey Simulation - Hockey Manager